 Dungeon Crawl Stone Soup version 0.21.1-1-g345015f (webtiles) character file.

154 xccam the Slasher (level 5, 0/38 HPs)
             Began as a Demonspawn Gladiator on Mar 28, 2018.
             Was an Initiate of Gozag.
             Slain by a gnoll
             ... wielding a +0 halberd
              (13 damage)
             ... on level 3 of the Dungeon.
             The game lasted 00:05:00 (2493 turns).

xccam the Slasher (Demonspawn Gladiator)            Turns: 2493, Time: 00:05:00

Health: 0/38       AC:  8    Str: 16    XL:     5   Next: 13%
Magic:  5/5        EV: 10    Int:  9    God:    Gozag
Gold:   146        SH:  0    Dex: 14    Spells: 4/4 levels left

rFire    . . .     SeeInvis .   a - +0 long sword
rCold    . . .     Gourm    .   (no shield)
rNeg     . . .     Faith    .   p - +1 scale mail {rPois}
rPois    +         Spirit   .   (helmet restricted)
rElec    .         Reflect  .   (no cloak)
rCorr    .         Harm     .   (no gloves)
MR       .....                  j - +0 pair of boots
Stlth    ..........             (no amulet)
HPRegen  0.12/turn              (no ring)
MPRegen  0.09/turn              (no ring)

@: gold aura
A: antennae 2
a: Potion Petition, Call Merchant, Bribe Branch, Renounce Religion


You were on level 3 of the Dungeon.
You worshipped Gozag.
Gozag was aware of your devotion.
You were not hungry.

You visited 1 branch of the dungeon, and saw 3 of its levels.

You collected 146 gold pieces.

Inventory:

Hand Weapons
 a - a +0 long sword (weapon)
Missiles
 d - 3 throwing nets (quivered)
Armour
 b - a +0 leather armour
 c - a +0 helmet
 i - a +0 chain mail
 j - a +0 pair of boots (worn)
 p - a +1 scale mail of poison resistance (worn)
Jewellery
 l - an uncursed ring of protection from cold {unknown}
Wands
 o - a wand of polymorph (12)
Scrolls
 g - 2 scrolls of enchant weapon {unknown}
 h - 2 scrolls of enchant armour {unknown}
 m - a scroll of identify {unknown}
Potions
 e - a potion of curing
 k - a potion of degeneration {unknown}
 n - a potion of lignification {unknown}
 q - a potion of might {unknown}
Comestibles
 f - 7 rations


   Skills:
 - Level 2.0 Fighting
 + Level 5.3 Long Blades
 - Level 1.7 Throwing
 - Level 2.6 Dodging


You had 4 spell levels left.
You didn't know any spells.

Dungeon Overview and Level Annotations

Branches:
Dungeon (3/15)

Altars:
Dithmenos
Gozag
Kikubaaqudgha
Wu Jian


Innate Abilities, Weirdness & Mutations

You have a pair of antennae on your head.


Message History

The gnoll is heavily wounded.
The gnoll hits you but does no damage. The gnoll barely misses you.
You closely miss the gnoll.
The gnoll is heavily wounded.
The gnoll closely misses you.
You riposte.
You closely miss the gnoll.
The gnoll is heavily wounded.
The gnoll hits you from afar with a halberd!
You hit the gnoll.
The gnoll is almost dead.
The gnoll closely misses you.
You riposte.
You closely miss the gnoll.
The gnoll is severely wounded.
The gnoll hits you from afar with a halberd!
* * * LOW HITPOINT WARNING * * *
It was a potion of curing.
You feel better. The gnoll barely misses you. The gnoll hits you with a flail.
You hit the gnoll.
You kill the gnoll!
The gnoll hits you from afar with a halberd!
You die...
Your body crumbles into a pile of gold.

#.....g################## #..
#.........###.........#########.#
#......g.........................
#......g>................######.#
####......###.........##.######.#
#......# #..g......##.........
####......###..g.....###.........
..##.......g{..#$##### ##........
..##......######@########........
..##......# #............####...
..######### #.............# #...
..# #...........#.# #...
..######## ###.........#.# #..)
..#......# #.........#.###...
..#......# #..)......#..#####
.........# #.........##.##
.........# #.##########..####


You could see a gnoll and a hobgoblin.

Vanquished Creatures
  A bullfrog (D:3)
  Terence (D:3)
  2 gnolls (D:3)
  2 dart slugs (D:3)
  3 leopard geckos
  5 goblins
  6 hobgoblins
  2 jackals (D:3)
  A quokka (D:3)
  4 bats
  2 frilled lizards
  5 kobolds
  6 rats
40 creatures vanquished.

Vanquished Creatures (others)
  A goblin (D:3)
1 creature vanquished.

Grand Total: 41 creatures vanquished

Notes
Turn   | Place    | Note
-------+----------+-------------------------------------------
     0 | D:1      | xccam the Demonspawn Gladiator began the quest for the Orb.
     0 | D:1      | Reached XP level 1. HP: 16/16 MP: 1/1
   154 | D:1      | Reached skill level 3 in Long Blades
   234 | D:1      | Gained mutation: You have a pair of small antennae on your head. [demonic ancestry]
   234 | D:1      | Reached XP level 2. HP: 16/22 MP: 2/2
  1070 | D:2      | Found an ancient bone altar of Kikubaaqudgha.
  1480 | D:3      | Reached XP level 3. HP: 26/27 MP: 3/3
  1493 | D:3      | Found an ornate altar of the Wu Jian Council.
  1639 | D:3      | Found a shadowy altar of Dithmenos.
  1663 | D:3      | Found a faded altar of an unknown god.
  1669 | D:3      | Became a worshipper of Gozag Ym Sagoz the Greedy
  1670 | D:3      | Reached skill level 4 in Long Blades
  1709 | D:3      | Noticed a bullfrog
  1717 | D:3      | Killed a bullfrog
  1717 | D:3      | Gained mutation: You have a pair of antennae on your head. [demonic ancestry]
  1717 | D:3      | Reached XP level 4. HP: 11/33 MP: 4/4
  1891 | D:3      | Noticed Terence
  1908 | D:3      | Killed Terence
  1908 | D:3      | Reached skill level 5 in Long Blades
  2481 | D:3      | Reached XP level 5. HP: 24/38 MP: 5/5
  2493 | D:3      | Slain by a gnoll

Skill      XL: |  1  2  3  4 |
---------------+-------------+-----
Long Blades    | 3 4 5 |  5.3
Fighting       | |  2.0
Throwing       | |  1.7
Dodging        | |  2.6

Action                   |  1- 3 |  4- 6 || total
-------------------------+-------+-------++-------
Melee: Long sword        |    63 |    41 ||   104
  Use: Potion            |       |     1 ||     1
 Stab: Sleeping          |     1 |       ||     1
  Eat: Chunk             |     2 |       ||     2
       Ration            |       |     1 ||     1
Armor: Leather armour    |    17 |       ||    17
       Scale mail        |       |    11 ||    11
       Skin              |       |     3 ||     3
Dodge: Dodged            |    48 |    25 ||    73
       Rpst.: Long sword |    17 |     5 ||    22
